 Dungeon Crawl Stone Soup version 0.31-a0-426-g3a05650e59 (webtiles) character file.

Game seed: 1654060695523988611

865 Ofeo the Chucker (level 7, -8/46 HPs)
             Began as a Demonspawn Wanderer on July 30, 2023.
             Was an Initiate of Dithmenos.
             Mangled by an ogre
             ... wielding a +0 giant club
              (32 damage)
             ... on level 5 of the Dungeon.
             The game lasted 00:08:55 (6423 turns).

Ofeo the Chucker (Demonspawn Wanderer)              Turns: 6423, Time: 00:08:55

Health: -8/46      AC:  7    Str: 11    XL:     7   Next: 72%
Magic:  7/7        EV: 13    Int: 15    God:    Dithmenos [......]
Gold:   221        SH:  4    Dex: 16    Spells: 6/6 levels left

rFire   . . .        a - -1 hand crossbow
rCold   . . .        (no shield)
rNeg    . . .        v - +0 leather armour
rPois   .            (helmet restricted)
rElec   .            m - +0 cloak
rCorr   .            j - +0 pair of gloves
SInv    .            i - +1 pair of boots
Will    .....        (no amulet)
Stlth   +++          (no ring)
HPRegen 0.27/turn    (no ring)
MPRegen 0.10/turn

%: no passive effects
@: no status effects
A: antennae 1, demonic guardian 1, big brain 1, condensation shield
a: Renounce Religion


You were on level 5 of the Dungeon.
You worshipped Dithmenos.
Dithmenos was noncommittal.
You visited 2 branches of the dungeon, and saw 6 of its levels.

You collected 222 gold pieces.
You spent 1 gold pieces at shops.

Inventory:

Hand Weapons
 a - a -1 hand crossbow (weapon)
 b - a +2 dagger of venom
 r - a +2 falchion
 u - a +0 orcbow
Missiles
 c - 18 poisoned darts
Armour
 f - a +0 leather armour
 i - a +1 pair of boots (worn)
 j - a +0 pair of gloves (worn)
 m - a +0 cloak (worn)
 v - a +0 leather armour (worn)
Jewellery
 t - a ring of flight
Wands
 k - a wand of polymorph (9)
 p - a wand of charming (12)
Scrolls
 e - a scroll of silence
 o - a scroll of summoning {unknown}
 q - 2 scrolls of teleportation {@r3}
 s - a scroll of poison {unknown}
Potions
 d - a potion of ambrosia
 g - 2 potions of lignification
 h - a potion of berserk rage {unknown}
 l - 2 potions of enlightenment
 n - a potion of resistance {@q6}


   Skills:
 - Level 3.6 Long Blades
 * Level 2.4 Ranged Weapons
 + Level 5.4 Throwing
 + Level 4.0 Dodging
 + Level 4.7 Stealth


You had 6 spell levels left.
You didn't know any spells.
Your spell library contained the following spells:

 Spells                   Type           Power      Damage    Failure   Level
 Apportation              Tloc           0%         N/A       34%         1
 Summon Small Mammal      Summ           0%         N/A       34%         1
 Blink                    Tloc           0%         N/A       47%         2
 Ensorcelled Hibernation  Hex/Ice        0%         N/A       47%         2
 Passwall                 Tmut/Erth      0%         N/A       47%         2
 Sublimation of Blood     Necr           0%         N/A       47%         2
 Call Canine Familiar     Summ           0%         N/A       71%         3
 Inner Flame              Hex/Fire       0%         N/A       71%         3
 Portal Projectile        Hex/Tloc       0%         N/A       71%         3
 Summon Guardian Golem    Hex/Summ       0%         N/A       71%         3
 Swiftness                Air            0%         N/A       71%         3
 Flame Wave               Conj/Fire      0%         2d4       98%         4
 Leda's Liquefaction      Hex/Erth       0%         N/A       98%         4
 Manifold Assault         Tloc           0%         N/A       98%         4
 Petrify                  Tmut/Erth      0%         N/A       98%         4
 Sticky Flame             Conj/Fire      0%         2d3       98%         4
 Alistair's Intoxication  Tmut/Pois      0%         N/A       100%        5
 Irradiate                Conj/Tmut      0%         3d11      100%        5


Dungeon Overview and Level Annotations

Branches:
Dungeon (5/15)             Temple (1/1) D:5

Altars:
Ashenzari
Cheibriados
Dithmenos
Fedhas
Hepliaklqana
Kikubaaqudgha
Nemelex Xobeh
Okawaru
Qazlal
Ru
Trog
Uskayaw
Vehumet

Shops:
D:4 *

Annotations:
D:2 1 runed translucent door, Crazy Yiuf


Innate Abilities, Weirdness & Mutations

You have a pair of small antennae on your head.
A weak demonic guardian rushes to your aid.
You have an unusually large brain. (Int +2)
A meltable shield of frost defends you. (SH +4)


Message History

b - a +2 dagger of venom (weapon)
Okay, then.
You open the door.
There is an open door here.
There is an open door here.
You open the door.
There is an open door here.
An ogre comes into view. It is wielding a +0 giant club.
An ogre is nearby!
An ogre is nearby!
An ogre is nearby!
Your +2 dagger of venom stops dripping with poison.
a - a -1 hand crossbow (weapon)
You open the door.
There is an open door here.
What are your orders? t - Shout!
Orders for allies: a - Attack new target. r - Retreat! s - Stop attacking. g - Guard the area. f - Follow me.
Anything else - Cancel.
You shout for attention!
You hear a shout!
You start waiting.
An ogre is nearby!
You shoot a bolt. The bolt hits the ogre!
The ogre is moderately wounded.
You shoot a bolt. The bolt hits the ogre!
The ogre is almost dead.
You shoot a bolt. The bolt barely misses the ogre.
The ogre hits you with a +0 giant club!!
Ouch! That really hurt!
A demonic guardian appears!
You take 23 damage, and have 23/46 hp.
MASSIVE DAMAGE!!
Fire: a) -1 hand crossbow
Press: ? - help, Q - select action, (/) - cycle Shift-Dir - straight line, f/p - ogre
Aim: an ogre, wielding a +0 giant club (severely wounded, ally target, 75% to hit)
You shoot a bolt. The bolt barely misses the ogre.
The ogre hits you with a +0 giant club!!
Ouch! That really hurt!
You die...

#.# ########.######
#.# #......# #+#
#.####.# ..# #.# #.#
#####.## ####.####.#
#...##.## #......##.#
..#..#..####....#.##.#
#..#....'......5#.##.#
.#..##..####...O@..#.#
#...##.## #..#......#
#####.## #.###...###
#...## #......## ##'##
#####.## #.# ### #.#
###.#####.## #.#
.......#.#.#####.#
.#...#..###......#


You could see an ogre (ally target) and a friendly iron imp (summoned).

Vanquished Creatures
  Edmund (D:5)
  An ice beast (D:5)
  A centaur (Temple)
  A phantom (Temple)
  2 scorpions (D:5)
  A jelly (D:5)
  2 orc priests
  2 iguanas (D:4)
  6 adders
  An ufetubus (D:5)
  2 worms
  A dart slug (D:3)
  10 orcs
  7 endoplasms
  6 giant cockroaches
  4 goblins
  9 hobgoblins
  5 jackals
  5 quokkas
  4 ball pythons
  2 bats (D:1)
  3 frilled lizards
  7 kobolds
  6 rats
89 creatures vanquished.

Vanquished Creatures (collateral kills)
  A scorpion (D:5)
  An orc priest (D:5)
  An orc (D:5)
3 creatures vanquished.

Grand Total: 92 creatures vanquished

Notes
Turn   | Place    | Note
-------+----------+-------------------------------------------
     0 | D:1      | Ofeo the Demonspawn Wanderer began the quest for the Orb.
     0 | D:1      | Ofeo set off with the following items: a +2 falchion, a
                  | potion of lignification, 15 poisoned darts, a +0 dagger, a
                  | scroll of silence, a +0 leather armour.
     0 | D:1      | Reached XP level 1. HP: 13/13 MP: 1/1
   182 | D:1      | Gained mutation: You have an unusually large brain. (Int
                  | +2) [demonic ancestry]
   182 | D:1      | Reached XP level 2. HP: 18/19 MP: 2/2
   669 | D:1      | Reached XP level 3. HP: 18/24 MP: 3/3
  1324 | D:2      | Reached skill level 4 in Throwing
  1974 | D:2      | Found a runed translucent door.
  1975 | D:2      | Noticed Crazy Yiuf
  2117 | D:3      | Gained mutation: A meltable shield of frost defends you.
                  | (SH +4) [demonic ancestry]
  2117 | D:3      | Reached XP level 4. HP: 30/30 MP: 4/4
  2919 | D:3      | Found a bloodstained altar of Trog.
  3034 | D:3      | Found a faded altar of an unknown god.
  3548 | D:5      | Entered Level 5 of the Dungeon
  3720 | D:4      | Gained mutation: A weak demonic guardian rushes to your
                  | aid. [demonic ancestry]
  3720 | D:4      | Reached XP level 5. HP: 26/35 MP: 5/5
  4028 | D:4      | Found Acku Gyf's Lightly-Used Armoury.
  4035 | D:4      | Bought a -1 hand crossbow for 1 gold piece
  4758 | D:5      | Gained mutation: You have a pair of small antennae on your
                  | head. [demonic ancestry]
  4758 | D:5      | Reached XP level 6. HP: 41/41 MP: 6/6
  4797 | D:5      | Noticed Edmund
  4812 | D:5      | HP: 2/41 [Edmund/+3 flail of holy wrath (4)]
  4813 | D:5      | Killed Edmund
  4987 | D:5      | Reached skill level 5 in Throwing
  5267 | D:5      | Noticed an ice beast
  5272 | D:5      | Killed an ice beast
  5273 | D:5      | Reached skill level 1 in Ranged Weapons
  5273 | D:5      | Reached XP level 7. HP: 32/46 MP: 7/7
  5487 | D:5      | Found a staircase to the Ecumenical Temple.
  5497 | Temple   | Entered the Ecumenical Temple
  5627 | Temple   | Became a worshipper of Dithmenos the Shadowed
  6423 | D:5      | Mangled by an ogre

Illustrated notes

Levels and vault maps discovered:
D:1:      tarquinn_simple_flora_water_c, layout_loops_ring,
          corexii_leaking_fountain
D:2:      layout_loops_ring, corexii_corridor_pit, uniq_crazy_yiuf_cottage
D:3:      layout_basic, bloody_trog, shapermc_ecumenical_altar_ellora
D:4:      layout_loops_ring, kennysheep_flooded_box, grunt_decor_one_mirror,
          minmay_shop_damaged
D:5:      layout_loops_corners, marbit_many_paths, minmay_temple_entry_wispy,
          uniq_edmund
Temple:   minmay_temple_curvy_branch

Skill      XL: |  1  2  3  4  5  6  7 |
---------------+----------------------+-----
Stealth        | 2 3 4 |  4.7
Long Blades    | 3 |  3.6
Throwing       | 4 5 |  5.4
Dodging        | 2 3 4 |  4.0
Ranged Weapons | 1 2 |  2.4

Action                     |  1- 3 |  4- 6 |  7- 9 || total
---------------------------+-------+-------+-------++-------
  Melee: Falchion          |   114 |    73 |     6 ||   193
         Punch             |     2 |       |       ||     2
   Fire: Hand crossbow     |       |    38 |    30 ||    68
  Throw: Dart              |     7 |     6 |       ||    13
    Use: Scroll            |       |     8 |     2 ||    10
         Potion            |       |     2 |       ||     2
   Stab: Sleeping          |    11 |     2 |       ||    13
 Armour: Leather armour    |    26 |     2 |     5 ||    33
         Chain mail        |       |    31 |    19 ||    50
  Dodge: Dodged            |    58 |    37 |    12 ||   107
  Block: Other             |       |    23 |    13 ||    36

Table legend: (Time is in decaauts)
 A = Elapsed time spent in this place.
 B = Non-inter-level travel time spent in this place.
 C = Inter-level travel time spent in this place.
 D = Time resting spent in this place.
 E = Time spent auto-exploring this place.
 F = Levels seen in this place.
 G = Mean time per level.
                   A        B        C        D        E       F      G
               +--------+--------+--------+--------+--------+-----+--------+
         Total |   6539 |   6192 |    347 |    778 |   4556 |   6 | 1089.8 |
       Dungeon |   6375 |   6078 |    297 |    697 |   4556 |   5 | 1275.0 |
        Temple |    163 |    113 |     50 |     81 |      0 |   1 |  163.0 |
               +--------+--------+--------+--------+--------+-----+--------+

Top non-repeatable levels by time:
     D:5: 1742 daAuts
     D:3: 1526 daAuts
     D:4: 1100 daAuts
     D:2: 1047 daAuts
     D:1: 959 daAuts
  Temple: 163 daAuts
